 Dungeon Crawl Stone Soup version 0.26.1-10-gdfb7c7de75 (webtiles) character file.

Game seed: 511680076120085129

133 pascalblue the Grave Robber (level 4, -1/24 HPs)
             Began as a Deep Elf Necromancer on Apr 9, 2021.
             Was an Initiate of Yredelemnul.
             Killed from afar by a white imp (6 damage)
             ... with a puff of frost
             ... on level 4 of the Dungeon.
             The game lasted 00:08:46 (4066 turns).

pascalblue the Grave Robber (Deep Elf Necromancer)  Turns: 4066, Time: 00:08:47

Health: -1/24      AC:  4    Str:  5    XL:     4   Next: 94%
Magic:  12/12      EV: 13    Int: 21    God:    Yredelemnul [......]
Gold:   134        SH:  0    Dex: 15    Spells: 3/11 levels left

rFire    . . .     SeeInvis +   o - +1 dagger (drain)
rCold    . . .     Faith    .   (no shield)
rNeg     . . .     Spirit   .   a - +1 robe
rPois    .         Reflect  .   (no helmet)
rElec    .         Harm     .   (no cloak)
rCorr    .         Rampage  .   (no gloves)
Will     .....                  l - +0 pair of boots
Stlth    ++........             (no amulet)
HPRegen  0.08/turn              b - ring of see invisible
MPRegen  0.13/turn              (no ring)

@: no status effects
A: no striking features
a: Renounce Religion


You were on level 4 of the Dungeon.
You worshipped Yredelemnul.
Yredelemnul was noncommittal.
You visited 1 branch of the dungeon, and saw 4 of its levels.

You collected 134 gold pieces.

Inventory:

Hand Weapons
 h - a +0 short sword
 o - a +1 dagger of draining (weapon)
 q - a +0 hunting sling
Missiles
 f - 6 atropa-tipped darts
Armour
 a - a +1 robe (worn)
 l - a +0 pair of boots (worn)
Jewellery
 b - a ring of see invisible (left hand)
Scrolls
 d - 2 scrolls of identify
 i - a scroll of remove curse
Potions
 c - a potion of lignification
 e - a potion of mutation
 g - a potion of haste
 n - 2 potions of heal wounds {unknown}
 p - a potion of brilliance {unknown}


   Skills:
 - Level 2.4 Dodging
 + Level 2.5 Stealth
 + Level 4.4 Spellcasting
 * Level 6.9 Necromancy
 + Level 0.0 Invocations


You had 3 spell levels left.
You knew the following spells:

 Your Spells              Type           Power        Failure   Level
a - Pain                  Necr           100%         1%          1
b - Vampiric Draining     Necr           16%          1%          3
c - Animate Dead          Necr           16%          7%          4

Your spell library contained the following spells:

 Spells                   Type           Power        Failure   Level
 Animate Skeleton         Necr           66%          1%          1
 Agony                    Necr           33%          19%         5


Dungeon Overview and Level Annotations

Branches:
Dungeon (4/15)
 Temple: D:4-7

Altars:
Nemelex Xobeh
Ru
Wu Jian
Yredelemnul


Message History

Confirm with . or Enter, or press ? or * to list all spells.
You can't see any susceptible monsters within range! (Use Z to cast anyway.) Unknown command.
Casting: Animate Dead (extremely dangerous; 7% risk of failure)
Confirm with . or Enter, or press ? or * to list all spells.
You can't see any susceptible monsters within range! (Use Z to cast anyway.) Unknown command.
The white imp gestures at you. The puff of frost hits you.
You barely miss the white imp. The white imp gestures at you.
The puff of frost hits you!
You closely miss the white imp. The white imp hits you.
The white imp freezes you.
* * * LOW HITPOINT WARNING * * *
Okay, then.
The white imp gestures at you. The puff of frost hits you.
You die...
Your body rises from the dead as a mindless zombie.

#(# #.# #.#
#.# ## ... .#
#.# ###.###
#.# #.....#
#@###.....####
#..5..........
#####<....####
#.....#
###.### .# ##


You could see a white imp.

Vanquished Creatures
  7 adders
  An ooze (D:1)
  A worm (D:3)
  A dart slug (D:1)
  2 leopard geckos (D:2)
  7 bats
  2 giant cockroaches
  11 goblins
  8 hobgoblins
  3 jackals (D:3)
  2 quokkas (D:2)
  4 frilled lizards
  5 kobolds
  4 rats
  A spectral orc (D:3)
59 creatures vanquished.

Vanquished Creatures (others)
  A plant (D:2)
1 creature vanquished.

Grand Total: 60 creatures vanquished

Notes
Turn   | Place    | Note
-------+----------+-------------------------------------------
     0 | D:1      | pascalblue the Deep Elf Necromancer began the quest for the
                  | Orb.
     0 | D:1      | Reached XP level 1. HP: 10/10 MP: 6/6
    91 | D:1      | Reached skill level 5 in Necromancy
   457 | D:1      | Reached XP level 2. HP: 13/15 MP: 5/8
  1178 | D:2      | Reached XP level 3. HP: 8/19 MP: 4/9
  1182 | D:2      | Learned a level 3 spell: Vampiric Draining
  1437 | D:2      | Reached skill level 6 in Necromancy
  2173 | D:2      | Found a sparkling altar of Nemelex Xobeh.
  2548 | D:2      | Reached XP level 4. HP: 21/24 MP: 8/11
  3432 | D:3      | Found a basalt altar of Yredelemnul.
  3729 | D:3      | Found a sacrificial altar of Ru.
  3744 | D:3      | Found an ornate altar of the Wu Jian Council.
  3840 | D:3      | Became a worshipper of Yredelemnul the Dark
  3846 | D:3      | Learned a level 4 spell: Animate Dead
  4066 | D:4      | Killed from afar by a white imp

Illustrated notes

Levels and vault maps discovered:
D:1:      mainiacjoe_arrival_reflecting_pool, layout_loops_ring,
          minmay_pentomino_r2
D:2:      layout_loops_corners, lemuel_round_altar, serial_bayou_pond_d,
          hangedman_glass_teeth
D:3:      layout_basic, yredelemnul_forgotten_temple_becter,
          hangedman_ru_absence, pdpol_wu_jian_five_deadly_venoms,
          interstate_on_off
D:4:      layout_loops_ring, tgw_trog

Skill      XL: |  1  2  3  4 |
---------------+-------------+-----
Necromancy     | 5 6 |  6.9
Spellcasting   | 4 |  4.4
Dodging        | |  2.4
Stealth        | |  2.5

Action                   |  1- 3 |  4- 6 || total
-------------------------+-------+-------++-------
Melee: Short sword       |     1 |       ||     1
       Unarmed           |     1 |       ||     1
       Dagger            |       |     6 ||     6
 Cast: Pain              |    61 |    41 ||   102
  Use: Scroll            |     7 |     4 ||    11
Armor: Robe              |     5 |     2 ||     7
Dodge: Dodged            |    30 |    10 ||    40
